 Dungeon Crawl Stone Soup version 0.31-a0-971-g75a2e9a4b4 (webtiles) character file.

Game seed: 18348067642612311000

16 zenocrate the Sneak (level 2, -2/13 HPs)
             Began as a Vine Stalker Enchanter on Oct 29, 2023.
             Slain by a gnoll
             ... wielding a +0 spear
              (6 damage)
             ... on level 2 of the Dungeon.
             The game lasted 00:00:46 (889 turns).

zenocrate the Sneak (Vine Stalker Enchanter)         Turns: 889, Time: 00:00:46

Health: -2/13      AC:  3    Str: 10    XL:     2   Next: 58%
Magic:  0/6        EV: 12    Int: 15    God:
Gold:   36         SH:  0    Dex: 14    Spells: 3/5 levels left

rFire   . . .        a - +1 dagger
rCold   . . .        (no shield)
rNeg    . . .        b - +0 robe
rPois   .            (no helmet)
rElec   .            e - +0 cloak
rCorr   .            (no gloves)
SInv    .            (no boots)
Will    .....        (no amulet)
Stlth   +++          (no ring)
HPRegen 1.02/turn    (no ring)
MPRegen 0.10/turn

%: guardian spirit
@: studying Unarmed Combat
A: fangs 2, regeneration 1, magic shield, antimagic bite, no potion heal 2
a: no special abilities


You were on level 2 of the Dungeon.
You visited 1 branch of the dungeon, and saw 2 of its levels.

You collected 36 gold pieces.

Inventory:

Hand Weapons
 a - a +1 dagger (weapon)
Armour
 b - a +0 robe (worn)
 e - a +0 cloak (worn)
Scrolls
 d - a scroll of brand weapon {unknown}
 f - 2 scrolls of identify {unknown}
Potions
 c - 2 potions of invisibility


   Skills:
 + Level 1.4 Short Blades
 + Level 0.0 Armour
 - Level 1.5 Dodging
 + Level 4.1 Stealth
 - Level 2.1 Spellcasting
 + Level 3.3 Hexes
 + Level 0.0 Ice Magic


You had 3 spell levels left.
You knew the following spells:

 Your Spells              Type           Power      Damage    Failure   Level
a - Ensorcelled Hibernat  Hex/Ice        12%        N/A       17%         2

Your spell library contained the following spells:

 Spells                   Type           Power      Damage    Failure   Level
 Confusing Touch          Hex            11%        N/A       17%         3
 Tukima's Dance           Hex            11%        N/A       17%         3
 Dazzling Flash           Conj/Hex       12%        N/A       32%         3


Dungeon Overview and Level Annotations

Branches:
Dungeon (2/15)

Altars:


Innate Abilities, Weirdness & Mutations

You have extremely sharp teeth.
Your natural rate of healing is unusually fast.
When hurt, damage is shared between your health and your magic reserves.
Your bite disrupts and absorbs the magic of your enemies.
Potions cannot restore your health.


Message History

Aiming: Ensorcelled Hibernation (safe; 17% risk of failure)
Press: ? - help, Shift-Dir - straight line, f/p - gnoll
Aim: a gnoll, wielding a +0 spear (moderately wounded, chance to affect: 49%)
The gnoll resists with some effort.
The gnoll hits you from afar with a +0 spear!
Ouch! That really hurt!
Found 9 gold pieces.
A frilled lizard and a kobold come into view.
The frilled lizard moves out of view.
A frilled lizard comes into view.
Your magical contamination has completely faded away.
There is a stone staircase leading up here.
You climb upwards.
There is a stone staircase leading down here.
Magic restored.
Done exploring.
You see here a +0 leather armour.
You see here a +0 ring mail.
There is a stone staircase leading down here.
You climb downwards.
The gnoll shouts!
You hear an angry hiss.
A frilled lizard comes into view.
The frilled lizard moves out of view.
The frilled lizard hisses angrily.
There is a stone staircase leading up here.
Unknown command.
There are monsters nearby!
There are monsters nearby!
The gnoll hits you from afar with a +0 spear.
Casting: Ensorcelled Hibernation (safe; 17% risk of failure)
Confirm with . or Enter, or press ? or * to list all spells.
Aiming: Ensorcelled Hibernation (safe; 17% risk of failure)
Press: ? - help, Shift-Dir - straight line, f - gnoll
Aim: a gnoll, wielding a +0 spear (chance to affect: 49%)
The gnoll resists with some effort.
The kobold shouts!
The gnoll hits you from afar with a +0 spear!
Ouch! That really hurt!
The gnoll hits you from afar with a +0 spear!
You die...

#.#####....##
#.ggg.......#....#
#.#####..##.#....#
#...........#....# .
#.#...###...#....#..
#.#...lg............
#.###....lgK.$...#..
#........g..........
#...#g..#.#@#.#.#..#
#...#...........
#..######...#..##


You could see 3 gnolls, a kobold and 2 frilled lizards.

Vanquished Creatures
  2 dart slugs (D:1)
  A bat (D:1)
  3 hobgoblins (D:1)
  A ball python (D:1)
  2 frilled lizards (D:1)
  2 kobolds (D:1)
  3 rats (D:1)
14 creatures vanquished.

Notes
Turn   | Place    | Note
-------+----------+-------------------------------------------
     0 | D:1      | zenocrate the Vine Stalker Enchanter began the quest for
                  | the Orb.
     0 | D:1      | Reached XP level 1. HP: 9/9 MP: 4/4
   110 | D:1      | Reached skill level 1 in Short Blades
   223 | D:1      | Reached XP level 2. HP: 13/13 MP: 6/6
   249 | D:1      | Found a faded altar of an unknown god.
   265 | D:1      | Reached skill level 4 in Stealth
   728 | D:1      | Learned a level 2 spell: Ensorcelled Hibernation
   889 | D:2      | Slain by a gnoll

Illustrated notes

Levels and vault maps discovered:
D:1:      nicolae_arrival_washed_ashore, layout_loops_ring,
          ebering_ecumenical_altar_webs, reono_crystal_passage
D:2:      wad_river_or_something, layout_basic, minmay_misc_feat_pillars,
          corexii_item_surrounded_by_moat, kennysheep_minor_cross,
          chequers_serial_rivers_room_b, minmay_lizard_pond, uniq_natasha,
          uniq_terence, uniq_jessica

Skill      XL: |  1  2 |
---------------+-------+-----
Short Blades   | 1 |  1.4
Stealth        | 4 |  4.1
Dodging        | |  1.5
Spellcasting   | |  2.1
Hexes          | |  3.3

Action                     || total
---------------------------++-------
  Melee: Dagger            ||    32
         Bite              ||     6
         Punch             ||     1
   Cast: Ensorcelled Hiber ||     2
   Stab: Sleeping          ||     3
 Armour: Robe              ||    24
  Dodge: Dodged            ||    20

Table legend: (Time is in decaauts)
 A = Elapsed time spent in this place.
 B = Non-inter-level travel time spent in this place.
 C = Inter-level travel time spent in this place.
 D = Time resting spent in this place.
 E = Time spent auto-exploring this place.
 F = Levels seen in this place.
 G = Mean time per level.
                   A        B        C        D        E       F      G
               +--------+--------+--------+--------+--------+-----+--------+
         Total |    887 |    806 |     81 |      0 |    658 |   2 |  443.5 |
       Dungeon |    887 |    806 |     81 |      0 |    658 |   2 |  443.5 |
               +--------+--------+--------+--------+--------+-----+--------+

Top non-repeatable levels by time:
     D:1: 855 daAuts
     D:2: 32 daAuts
